 Dungeon Crawl Stone Soup version 0.20-a0-1124-g2e29d97 (console) character file.

7942 nht the Basher (level 11, -15/111 HPs)
             Began as an Ogre Hunter on May 16, 2017.
             Was a High Priest of Okawaru.
             Demolished by a manticore (21 damage)
             ... on level 9 of the Dungeon.
             The game lasted 00:21:38 (10693 turns).

nht the Basher (Ogre Hunter)                       Turns: 10693, Time: 00:21:38

Health: -15/111    AC:  7    Str: 21    XL:     11   Next: 23%
Magic:  15/16      EV: 14    Int: 12    God:    Okawaru [*****.]
Gold:   500        SH:  0    Dex:  9    Spells: 10/10 levels left

rFire    . . .     SeeInvis .   a - +0 dire flail (protect)
rCold    . . .     Gourm    .   (shield currently unavailable)
rNeg     . . .     Faith    .   b - +1 robe
rPois    .         Spirit   .   (helmet restricted)
rElec    .         Reflect  .   E - +2 cloak {+Inv}
rCorr    .         Harm     .   (gloves unavailable)
MR       +....                  (boots unavailable)
Stlth    +++.......             (no amulet)
Regen    0.3/turn               l - +2 ring of evasion
MPRegen  0.2/turn               (no ring)

@: heroism
A: unfitting armour, tough skin 1
a: Heroism, Finesse, Renounce Religion, Evoke Invisibility


You were on level 9 of the Dungeon.
You worshipped Okawaru.
Okawaru was extremely pleased with you.
You were not hungry.

You visited 2 branches of the dungeon, and saw 10 of its levels.
You also visited: Ossuary.

You collected 500 gold pieces.

Inventory:

Hand Weapons
 a - a +0 dire flail of protection (weapon)
 c - a +0 giant spiked club
 h - a +1 falchion of freezing
 i - a +0 quarterstaff
 m - a +0 mace
 J - a +2 flail of holy wrath
Missiles
 e - 252 stones
 j - 58 poisoned needles
 r - 5 javelins
 s - 7 large rocks (quivered)
 z - 2 tomahawks of returning
 M - 2 tomahawks
Armour
 b - a +1 robe (worn)
 E - a +2 cloak of invisibility (worn)
Jewellery
 l - a +2 ring of evasion (left hand)
 v - an uncursed ring of ice
Wands
 d - a wand of random effects (28/48)
 t - a wand of lightning (0/15)
 G - a wand of digging (4/24)
Scrolls
 g - 4 scrolls of amnesia
 o - a scroll of fog
 q - 8 scrolls of remove curse
 y - 2 scrolls of teleportation
 C - a scroll of immolation
 D - 13 scrolls of identify
Potions
 k - 2 potions of haste
 n - a potion of agility
 p - a potion of brilliance
 u - a potion of cancellation
 w - a potion of magic
 x - 2 potions of might
 F - 2 potions of resistance
Books
 B - a book of Power

   Spells                             Type                      Level
   a - Iskenderun's Battlesphere      Conjuration/Charms           5
   b - Venom Bolt                     Conjuration/Poison           5
   c - Bolt of Magma                  Conjuration/Fire/Earth       5
   d - Iron Shot                      Conjuration/Earth            6
   e - Orb of Destruction             Conjuration                  7
   f - Spellforged Servitor           Conjuration/Summoning        7
 H - a book of Party Tricks

   Spells                             Type                      Level
   a - Summon Butterflies             Summoning                    1
   b - Apportation                    Translocation                1
   c - Lesser Beckoning               Translocation                3
   d - Tukima's Dance                 Hexes                        3
   e - Alistair's Intoxication        Transmutation/Poison         5
   f - Invisibility                   Hexes                        6
 I - a book of Maledictions

   Spells                             Type                      Level
   a - Corona                         Hexes                        1
   b - Ensorcelled Hibernation        Hexes/Ice                    2
   c - Confuse                        Hexes                        3
   d - Tukima's Dance                 Hexes                        3
   e - Dazzling Spray                 Conjuration/Hexes            3
 N - a book of Minor Magic

   Spells                             Type                      Level
   a - Magic Dart                     Conjuration                  1
   b - Blink                          Translocation                2
   c - Call Imp                       Summoning                    2
   d - Slow                           Hexes                        2
   e - Conjure Flame                  Conjuration/Fire             3
   f - Mephitic Cloud                 Conjuration/Poison/Air       3
Comestibles
 f - 5 bread rations
 A - 13 royal jellies
 L - a meat ration
 O - 3 fruits


   Skills:
 + Level 7.9(12.9) Fighting
 + Level 10.4(15.4) Maces & Flails
 * Level 9.8(14.8) Throwing
 - Level 1.7(6.7) Dodging
 - Level 0.6(5.6) Stealth
 + Level 7.7 Invocations


You had 10 spell levels left.
You didn't know any spells.

Dungeon Overview and Level Annotations

Branches:
Dungeon (9/15)             Temple (1/1) D:5
   Lair: D:8-11         Orc: D:9-12

Altars:
Dithmenos
Elyvilon
Fedhas
Hepliaklqana
Kikubaaqudgha
Okawaru
Qazlal
Ru
Sif Muna
Trog
Uskayaw
Xom
Yredelemnul
The Shining One


Innate Abilities, Weirdness & Mutations

You are too large for most types of armour.
You have tough skin. (AC +1)


Message History

Aim: a rakshasa, wielding a trident of freezing and wearing a robe (severely wounded)
You throw a large rock. The large rock hits the rakshasa!!
The rakshasa is almost dead.
The manticore bites you! The manticore completely misses you.
The manticore claws you.
* * * LOW HITPOINT WARNING * * *
The rakshasa hits you from afar with a trident of freezing.
* * * LOW HITPOINT WARNING * * *
The rakshasa freezes you.
* * * LOW HITPOINT WARNING * * *
The manticore bites you!
* * * LOW HITPOINT WARNING * * *
The manticore misses you. The manticore closely misses you.
Throwing (i - inventory. (,) - cycle):
s - 8 large rocks (quivered)
Press: ? - help, Shift-Dir - straight line, f/p - rakshasa
Aim: a rakshasa, wielding a trident of freezing and wearing a robe (almost dead)
You throw a large rock. The large rock hits the rakshasa!!
You kill the rakshasa!
The manticore bites you!!
You die...

██)████████.........█
█.█ ..........)..█
█.█
█████+█████..███████.
█.█ ..█.......... █.█
█ ███.█.......... █.█
█.█.'R█.█.......█ █.█
█ █.█.█R█.█........
█.█ .+
HRa█.'.███████.. █.█
..█ █.█@█.█ . █.██..█
█.H.█.█ ██.....█
███.█.█ .......█
o.█.. ██†█████


█████ ......██. .███...█. ██.....█.██ █.^..█)██.██ ██ %.(.. ██ You could see an
orc knight, 2 rakshasas and a manticore.

Vanquished Creatures
  3 two-headed ogres
  An orc knight (D:9)
  A cyclops (D:8)
  Maurice (D:9)
  A jumping spider (shapeshifter) (D:9)
  A hornet (D:8)
  A hippogriff (D:8)
  Grum (D:8)
  A steam dragon (D:9)
  A hungry ghost (D:9)
  2 soldier ants (D:8)
  2 water moccasins
  A black bear (D:9)
  Duvessa (D:6)
  2 ice beasts
  2 orc warriors
  A sky beast (D:9)
  4 ogres
  A hornet zombie (D:8)
  A phantom (D:6)
  A centaur (D:5)
  2 wolves (D:8)
  Blork the orc (D:4)
  4 bullfrogs
  3 scorpions
  Dowan (D:6)
  4 killer bees (D:7)
  2 howler monkeys
  8 crimson imps
  A bullfrog zombie (D:5)
  A quasit (D:5)
  A centaur skeleton (D:8)
  3 hounds
  3 orc priests
  3 orc wizards
  An iguana (D:7)
  4 worker ants
  2 hound zombies
  13 mummies (Ossuary)
  2 hound skeletons
  Robin (D:3)
  4 gnolls (D:7)
  A worker ant zombie (D:6)
  10 adders
  3 oozes
  An adder zombie (D:7)
  4 adder skeletons
  3 worms
  8 leopard geckos
  17 orcs
  2 ball pythons
  6 bats
  6 giant cockroaches
  11 goblins
  2 hobgoblins (D:3)
  14 jackals
  6 kobolds
  2 quokkas
  4 frilled lizards
  2 goblin skeletons (Ossuary)
  2 jackal zombies
  3 kobold skeletons (Ossuary)
  A leopard gecko skeleton (D:4)
  3 orc skeletons (Ossuary)
  A quokka zombie (D:5)
  8 rats
  11 rat skeletons (Ossuary)
225 creatures vanquished.

Notes
Turn   | Place    | Note
-------+----------+-------------------------------------------
     0 | D:1      | nht the Ogre Hunter began the quest for the Orb.
     0 | D:1      | Reached XP level 1. HP: 22/22 MP: 1/1
   128 | D:1      | Reached XP level 2. HP: 29/29 MP: 2/2
   860 | D:2      | Reached XP level 3. HP: 35/37 MP: 3/3
   897 | D:2      | Reached skill level 5 in Throwing
  1418 | D:2      | Reached XP level 4. HP: 43/45 MP: 4/4
  1802 | D:3      | Found a white marble altar of Elyvilon.
  1865 | D:3      | Found a basalt altar of Yredelemnul.
  2040 | D:3      | Noticed Robin
  2089 | D:3      | Killed Robin
  2092 | D:3      | Reached XP level 5. HP: 39/54 MP: 5/5
  2505 | D:4      | Noticed an ogre
  3100 | D:4      | Noticed Blork the orc
  3103 | D:4      | Killed Blork the orc
  3103 | D:4      | Reached skill level 5 in Fighting
  3103 | D:4      | Reached XP level 6. HP: 57/66 MP: 6/6
  3126 | D:4      | Found a deep blue altar of Sif Muna.
  3469 | D:4      | Reached XP level 7. HP: 13/74 MP: 7/7
  3919 | D:5      | Entered Level 5 of the Dungeon
  4363 | D:5      | Found a sand-covered staircase.
  4439 | Ossuary  | Entered an ossuary
  5950 | D:5      | Reached XP level 8. HP: 80/84 MP: 8/8
  6611 | D:5      | Found a staircase to the Ecumenical Temple.
  6715 | Temple   | Entered the Ecumenical Temple
  6738 | Temple   | Became a worshipper of Warmaster Okawaru
  6905 | D:5      | Reached skill level 1 in Maces & Flails
  7085 | D:6      | Reached skill level 2 in Maces & Flails
  7518 | D:6      | Noticed Duvessa
  7518 | D:6      | Noticed Dowan
  7526 | D:6      | Killed Dowan
  7526 | D:6      | Reached * piety under Okawaru
  7526 | D:6      | Reached skill level 3 in Maces & Flails
  7531 | D:6      | Killed Duvessa
  7566 | D:6      | Reached skill level 4 in Maces & Flails
  7782 | D:6      | Reached skill level 5 in Maces & Flails
  7782 | D:6      | Reached XP level 9. HP: 93/93 MP: 9/9
  7834 | D:6      | Found a shadowy altar of Dithmenos.
  8114 | D:7      | Reached skill level 1 in Invocations
  8334 | D:7      | Reached skill level 6 in Maces & Flails
  8819 | D:7      | Reached ** piety under Okawaru
  8972 | D:8      | Noticed Grum
  8979 | D:8      | Reached skill level 7 in Maces & Flails
  9002 | D:8      | Killed Grum
  9229 | D:8      | Noticed a two-headed ogre
  9239 | D:8      | Killed a two-headed ogre
  9239 | D:8      | Reached *** piety under Okawaru
  9239 | D:8      | Reached skill level 8 in Maces & Flails
  9239 | D:8      | Reached skill level 5 in Invocations
  9239 | D:8      | Reached XP level 10. HP: 32/102 MP: 11/14
  9389 | D:8      | Noticed a cyclops
  9397 | D:8      | Killed a cyclops
  9397 | D:8      | Reached skill level 9 in Maces & Flails
  9717 | D:8      | Reached **** piety under Okawaru
 10169 | D:9      | Noticed Maurice
 10197 | D:9      | Killed Maurice
 10197 | D:9      | Received a gift from Okawaru
 10280 | D:9      | Noticed a two-headed ogre
 10285 | D:9      | Killed a two-headed ogre
 10285 | D:9      | Reached skill level 10 in Maces & Flails
 10358 | D:9      | Noticed a stone giant
 10358 | D:9      | Noticed a wolf spider
 10358 | D:9      | Noticed a flayed ghost
 10358 | D:9      | Noticed a catoblepas
 10358 | D:9      | Noticed an orc knight
 10358 | D:9      | Noticed a deep elf archer
 10359 | D:9      | Noticed an orc knight
 10359 | D:9      | Noticed a fire dragon
 10412 | D:9      | Killed an orc knight
 10412 | D:9      | Reached XP level 11. HP: 55/109 MP: 16/16
 10654 | D:9      | Noticed a two-headed ogre
 10661 | D:9      | Killed a two-headed ogre
 10682 | D:9      | Noticed a rakshasa
 10686 | D:9      | Noticed a manticore
 10688 | D:9      | Reached ***** piety under Okawaru
 10693 | D:9      | Demolished by a manticore

Vault maps used:
D:1:      dpeg_arrival_three_same_balls
D:3:      kennysheep_ying_yang, first_bread, minmay_misc_feat_iff,
          item_on_display_a, uniq_robin
D:4:      minmay_misc_feat_nine_boxes, solitary_fountain, tgw_sif
D:5:      minmay_temple_entry_enclosed_plants, nicolae_ossuary_entry_plus
D:6:      kennysheep_mini, uniq_duvessa
D:7:      grunt_ministairs_11
D:8:      hangedman_pestilent_swarm, kennysheep_just_a_vault, uniq_grum
D:9:      zin_purify, minmay_the_grid_net, uniq_maurice
Temple:   hc_temple_tempest_star
Ossuary:  ossuary_due_small_catacomb

Skill      XL: |  1  2  3  4  5  6  7  8  9 10 |
---------------+-------------------------------+-----
Fighting       | 3 4 5 6 7 |  7.9
Throwing       | 5 6 7 8 9 |  9.8
Maces & Flails | 5 8 10 | 10.4
Invocations    | 5 7 |  7.7
Dodging        | |  1.7
Stealth        | |  0.6

Action                   |  1- 3 |  4- 6 |  7- 9 | 10-12 || total
-------------------------+-------+-------+-------+-------++-------
Melee: Short sword       |    11 |       |       |       ||    11
       Mace              |    26 |       |       |       ||    26
       Falchion          |    25 |   145 |   255 |       ||   425
       Dire flail        |       |       |   189 |   129 ||   318
Throw: Stone             |    74 |    75 |   163 |    15 ||   327
       Large rock        |       |     6 |     4 |    22 ||    32
       Throwing net      |       |     2 |     1 |     1 ||     4
       Javelin           |       |       |    41 |    18 ||    59
Invok: Heroism           |       |       |     3 |     6 ||     9
Evoke: Wand              |       |       |     5 |     1 ||     6
  Use: Potion            |       |     7 |     7 |     1 ||    15
       Scroll            |       |     7 |     7 |       ||    14
 Stab: Sleeping          |       |       |     2 |       ||     2
  Eat: Chunk             |     2 |     6 |     8 |     6 ||    22
       Fruit             |       |       |     2 |       ||     2
       Meat ration       |       |       |     2 |       ||     2
Armor: Robe              |    22 |    38 |   139 |    49 ||   248
       Skin              |       |       |     5 |       ||     5
Dodge: Dodged            |    34 |   124 |   322 |    67 ||   547
       Rpst.: Falchion   |     4 |    36 |    45 |       ||    85
